 Dungeon Crawl Stone Soup version 0.30.1-4-g462c640d31 (webtiles) character file.

Game seed: 9080061101901362526

597 pkoi the Covered (level 7, 0/62 HPs)
             Began as a Minotaur Fighter on Sept 7, 2023.
             Was an Initiate of Okawaru.
             Slain by an ogre
             ... wielding a +0 giant spiked club
              (19 damage)
             ... on level 5 of the Dungeon.
             The game lasted 00:05:00 (4222 turns).

pkoi the Covered (Minotaur Fighter)                 Turns: 4222, Time: 00:05:00

Health: 0/62       AC: 11    Str: 23    XL:     7   Next: 17%
Magic:  6/6        EV:  7    Int:  5    God:    Okawaru [......]
Gold:   195        SH:  9    Dex:  9    Spells: 6/6 levels left

rFire   + + .        a - +1 long sword
rCold   . . .        k - +1 kite shield
rNeg    + . .        o - +1 chain mail "Vedutab" {rPois rF++ rN+ rCorr}
rPois   +            (helmet restricted)
rElec   .            (no cloak)
rCorr   +            (no gloves)
SInv    .            (no boots)
Will    .....        (no amulet) Stlth
                     (no ring)
HPRegen 0.30/turn    (no ring)
MPRegen 0.10/turn

%: no passive effects
@: marked
A: horns 2, retaliatory headbutt
a: Renounce Religion


You were on level 5 of the Dungeon.
You worshipped Okawaru.
Okawaru was noncommittal.
You visited 2 branches of the dungeon, and saw 6 of its levels.
You also visited: Sewer.

You collected 195 gold pieces.

Inventory:

Hand Weapons
 a - a +1 long sword (weapon)
Missiles
 c - 6 poisoned darts (quivered)
 q - a throwing net
Armour
 b - a +0 scale mail
 k - a +1 kite shield (worn)
 o - the +1 chain mail "Vedutab" (worn) {rPois rF++ rN+ rCorr}
   (You found it in a sewer)

   rF:        It greatly protects you from fire.
   rPois:     It protects you from poison.
   rN:        It protects you from negative energy.
   rCorr:     It protects you from acid and corrosion.
Jewellery
 p - a ring of fire
Scrolls
 f - 4 scrolls of teleportation
 g - a scroll of silence
 i - 2 scrolls of amnesia
 j - 2 scrolls of fear
 l - a scroll of vulnerability
 r - a scroll of blinking
Potions
 d - 5 potions of might
 e - a potion of ambrosia
 h - 4 potions of heal wounds
 m - 2 potions of attraction
 n - 4 potions of haste


   Skills:
 + Level 5.7 Fighting
 * Level 5.5 Long Blades
 + Level 5.7 Armour
 + Level 5.7 Shields


You had 6 spell levels left.
You didn't know any spells.
Your spell library contained the following spells:

 Spells                   Type           Power      Damage    Failure   Level
 Apportation              Tloc           0%         N/A       99%         1
 Ozocubu's Armour         Ice            0%         N/A       100%        3
 Alistair's Intoxication  Tmut/Pois      0%         N/A       100%        5
 Metabolic Englaciation   Hex/Ice        0%         N/A       100%        5
 Simulacrum               Ice/Necr       Unusable   N/A       N/A         6

Dungeon Overview and Level Annotations

Branches:
Dungeon (5/15)             Temple (1/1) D:4           Sewer (visited)

Altars:
Cheibriados
Dithmenos
Elyvilon
Fedhas
Gozag
Hepliaklqana
Kikubaaqudgha
Makhleb
Nemelex Xobeh
Okawaru
Qazlal
Ru
Sif Muna
Trog
Uskayaw
Vehumet
Zin

Annotations:
D:5 Prince Ribbit


Innate Abilities, Weirdness & Mutations

You have a pair of horns on your head.
You reflexively headbutt those who attack you in melee.


Message History

You block the ufetubus's attack. The ufetubus hits you.
The black bear attacks as you move away!
The black bear bites you but does no damage.
The black bear claws you but does no damage. x2
You block the hound's attack.
Prince Ribbit comes into view.
The hound bites you but does no damage.
The black bear attacks as you move away!
The black bear bites you.
The black bear claws you but does no damage. x2
The ufetubus hits you but does no damage. x2
An adder and an ogre come into view.
The ufetubus attacks as you move away!
The ufetubus hits you but does no damage.
The ufetubus closely misses you. You block the ogre's attack.
The ufetubus hits you. You block the ufetubus's attack.
You barely miss the ogre. Your headbutt misses the ogre.
You block the ufetubus's attack.
The ufetubus hits you but does no damage.
A centaur comes into view.
You block the ogre's attack.
Prince Ribbit blinks!
You block the hound's attack. The ufetubus hits you. x2
The centaur moves out of view.
You hit the ogre.
The ogre is lightly wounded.
Prince Ribbit closely misses you. The hound bites you but does no damage.
You block the ufetubus's attack. x2
The ogre hits you with a +0 giant spiked club!!
* * * LOW HITPOINT WARNING * * *
You block Prince Ribbit's attack. You block the hound's attack.
You hit the ogre. You headbutt the ogre.
The ogre is moderately wounded.
The ufetubus barely misses you.
The ufetubus hits you but does no damage.
You block the hound's attack.
Prince Ribbit hits you but does no damage.
You block the ufetubus's attack.
The ufetubus hits you but does no damage.
The ogre hits you with a +0 giant spiked club!!
You die...

... .. #.. #.. #...
###...#######
......†...s.##
........#.hh.#
.........O5@F#
#.......####O##.#.##
#.......# #S......#
#.......# #.##c#.##
#.....?.# #.# ..
#.(.....# #.# ...
#.......# #.. ..
....... ### .


You could see Prince Ribbit, a black bear, 2 ogres, a centaur, a scorpion, a
hound, an adder and an ufetubus.

Vanquished Creatures
  Blork the orc (D:5)
  2 jellies (Sewer)
  3 hounds
  A sleepcap (D:4)
  An iguana (D:3)
  2 orc wizards
  7 gnolls
  A river rat (Sewer)
  7 adders
  An ufetubus (D:4)
  4 worms
  2 dart slugs
  14 orcs
  6 endoplasms
  12 giant cockroaches
  5 goblins
  8 hobgoblins
  3 jackals (D:4)
  3 quokkas
  7 ball pythons
  3 bats
  11 frilled lizards
  8 kobolds
  9 rats
121 creatures vanquished.

Notes
Turn   | Place    | Note
-------+----------+-------------------------------------------
     0 | D:1      | pkoi the Minotaur Fighter began the quest for the Orb.
     0 | D:1      | Reached XP level 1. HP: 19/19 MP: 0/0
    38 | D:1      | Reached XP level 2. HP: 19/27 MP: 1/1
    91 | D:1      | Reached XP level 3. HP: 17/33 MP: 2/2
  1309 | D:3      | Reached XP level 4. HP: 28/40 MP: 3/3
  1605 | D:3      | Found a glowing drain.
  1610 | Sewer    | Entered a sewer
  1724 | Sewer    | Reached XP level 5. HP: 47/47 MP: 4/4
  1841 | Sewer    | Found a viscous altar of Jiyva.
  1849 | Sewer    | Identified the +1 chain mail "Vedutab" {rPois rF++ rN+
                  | rCorr}
  1921 | Sewer    | Reached skill level 5 in Armour
  2026 | D:3      | Reached skill level 5 in Fighting
  2028 | D:3      | Found a sacrificial altar of Ru.
  2038 | D:3      | Reached skill level 5 in Shields
  2283 | D:3      | Became a worshipper of Ru the Awakened
  2430 | D:3      | Reached XP level 6. HP: 50/56 MP: 5/5
  3070 | D:4      | Found a staircase to the Ecumenical Temple.
  3127 | Temple   | Entered the Ecumenical Temple
  3346 | D:4      | Found an iron altar of Okawaru.
  3482 | D:4      | Reached skill level 5 in Long Blades
  3564 | D:4      | Found a blossoming altar of Fedhas.
  3601 | D:4      | Fell from the grace of Ru
  3601 | D:4      | Became a worshipper of Warmaster Okawaru
  3645 | D:5      | Entered Level 5 of the Dungeon
  3650 | D:5      | Noticed Blork the orc
  3663 | D:5      | Killed Blork the orc
  3664 | D:5      | Reached XP level 7. HP: 58/62 MP: 6/6
  4216 | D:5      | Noticed Prince Ribbit
  4222 | D:5      | Slain by an ogre

Illustrated notes

Levels and vault maps discovered:
D:1:      tarquinn_simple_flora_water_b, layout_rooms, feat_on_display
D:2:      layout_basic
D:3:      layout_basic, nicolae_ru_great_annihilating_truth,
          gup_sewer_entry_bowl, cheibrodos_gnoll_hut
D:4:      layout_loops_cross, mainiacjoe_overflow_surrounded_room,
          lemuel_doored_altar, minmay_temple_entry_junction
D:5:      layout_loops_cross, ashenzari_conservatory_becter, uniq_blork_the_orc,
          uniq_prince_ribbit1
Temple:   compressed_dpeg_circular_temple

Skill      XL: |  1  2  3  4  5  6 |
---------------+-------------------+-----
Armour         | 4 5 |  5.7
Fighting       | 4 5 |  5.7
Long Blades    | 3 4 5 |  5.5
Shields        | 4 5 |  5.7

Action                     |  1- 3 |  4- 6 |  7- 9 || total
---------------------------+-------+-------+-------++-------
  Melee: Long sword        |    80 |   195 |    36 ||   311
         Headbutt          |    10 |    34 |     4 ||    48
    Use: Scroll            |    11 |     3 |       ||    14
         Potion            |     1 |     1 |       ||     2
   Stab: Paralysed         |       |     1 |       ||     1
 Armour: Scale mail        |    24 |    18 |       ||    42
         Chain mail        |       |    82 |    34 ||   116
  Dodge: Dodged            |    33 |    60 |    17 ||   110
  Block: Buckler           |     9 |       |       ||     9
         Kite shield       |    14 |    96 |    43 ||   153
